Map: Oxide LE

Players

PartinG

  • Race: Protoss Protoss
  • League: Master

Serral - Winner!

  • Race: Zerg Zerg

Event: ASUS ROG Fall 2021

VOD

Have the link to the VOD?

Description

Time

  • Played on: Sept. 18, 2021, 2:01 p.m.
  • Length: 11:11

All games in this series

Show
View Real Time Build Order
Export as new Build Order

PartinG Protoss 

Build Orders: 1 Gate Expand 

Get SALT Encoding   

  12  0:00  Probe  
  13  0:12  Probe  
  14  0:19  Pylon  
  14  0:24  Probe  
  15  0:37  Probe (Chrono Boost)  
  15  0:39  Gateway  
  16  0:47  Probe (Chrono Boost)  
  17  0:50  Assimilator  
  17  0:53  Probe  
  18  1:05  Probe  
  19  1:17  Probe  
  20  1:25  Nexus  
  20  1:35  Cybernetics Core  
  20  1:38  Probe  
  21  1:43  Assimilator  
  21  1:50  Probe  
  21  1:52  Pylon  
  22  2:02  Probe  
  23  2:08  Adept (Chrono Boost)  
  23  2:11  Warp Gate  
  23  2:14  Probe  
  26  2:18  Gateway  
  26  2:26  Probe  
  26  2:28  Stalker (Chrono Boost)  
  29  2:38  Probe (Chrono Boost)  
  31  2:44  Probe (Chrono Boost)  
  31  2:48  Probe (Chrono Boost)  
  31  2:51  Adept  
  33  2:52  Probe (Chrono Boost)  
  33  2:53  Probe (Chrono Boost)  
  36  3:01  Twilight Council  
  36  3:03  Probe  
  36  3:04  Probe  
  38  3:10  Gateway  
  38  3:16  Adept  
  38  3:19  Probe x2  
  42  3:24  Adept  
  44  3:29  Pylon  
  44  3:30  Resonating Glaives (Chrono Boost)  
  44  3:32  Probe x2  
  46  3:42  Pylon  
  46  3:47  Probe x2  
  48  3:51  Robotics Facility  
  48  3:59  Probe x2  
  48  4:01  Adept  
  52  4:03  Adept  
  52  4:04  Adept  
  56  4:13  Probe x2  
  58  4:20  Pylon  
  58  4:25  Nexus  
  58  4:30  Adept x2  
  62  4:39  Forge, Pylon  
  62  4:43  Observer  
  63  4:46  Assimilator, Blink (Chrono Boost)  
  63  4:50  Assimilator  
  63  4:55  Probe x2  
  51  5:00  Shield Battery  
  51  5:05  Adept x3  
  57  5:07  Protoss Ground Weapons Level 1 (Chrono Boost)  
  57  5:10  Probe x2  
  59  5:18  Gateway  
  59  5:25  Gateway  
  61  5:28  Gateway  
  61  5:34  Stalker x2  
  63  5:38  Stalker  
  63  5:41  Shield Battery  
  65  5:48  Probe x2  
  65  5:49  Probe  
  68  5:55  Gateway x2  
  68  6:04  Stalker x2  
  72  6:05  Probe  
  72  6:07  Probe  
  72  6:10  Probe  
  75  6:13  Stalker  
  77  6:21  Probe x2  
  77  6:22  Probe  
  80  6:30  Stalker x3  
  82  6:33  Probe x2  
  82  6:34  Probe  
  82  6:35  Warp Prism (Chrono Boost)  
  87  6:49  Stalker x3  
  89  6:59  Stalker x2  
  93  7:04  Pylon  
  93  7:05  Pylon  
  93  7:08  Pylon  
  93  7:20  Pylon  
  93  7:23  Stalker x7  
  93  7:26  Stalker  
  109  7:43  Stalker x2  
  109  7:44  Stalker x2  
  98  7:52  Stalker x8  
  110  8:00  Pylon  
  102  8:21  Stalker x8  
  102  8:23  Observer  
  119  8:27  Assimilator  
  119  8:32  Assimilator  
  115  8:44  Stalker x7  
  115  8:47  Stalker  
  93  9:07  Stalker x4  
  101  9:11  Zealot x3, Stalker  
  87  9:31  Stalker x2  
  87  9:32  Stalker x4  
  87  9:35  Stalker  
  87  9:38  Stalker  
  79  10:00  Stalker x7  
  79  10:03  Stalker  
  95  10:26  Stalker x2  
  95  10:27  Stalker x6  
  101  10:49  Stalker x3  
  105  10:50  Stalker x3  
  105  10:53  Stalker  
Show
View Real Time Build Order
Export as new Build Order

Serral Zerg - Winner!

Build Orders: Hatch First 

Get SALT Encoding   

  12  0:00  Drone  
  13  0:12  Overlord  
  13  0:17  Drone  
  14  0:30  Drone x2  
  16  0:44  Drone  
  17  0:53  Hatchery  
  17  0:55  Drone  
  17  0:59  Drone  
  18  1:09  Extractor  
  17  1:15  Spawning Pool  
  17  1:17  Drone  
  17  1:20  Drone  
  18  1:28  Drone  
  19  1:38  Drone  
  20  1:49  Overlord  
  20  2:02  Queen  
  20  2:05  Zergling x2, Queen  
  20  2:06  Zergling x2  
  26  2:11  Drone  
  26  2:12  Metabolic Boost  
  27  2:16  Drone  
  27  2:21  Drone  
  29  2:27  Drone  
  30  2:38  Queen  
  32  2:45  Hatchery  
  32  2:50  Drone  
  32  2:51  Drone  
  32  2:55  Overlord  
  32  2:58  Zergling x2  
  33  3:04  Drone x2  
  35  3:07  Overlord  
  35  3:14  Drone x4  
  39  3:22  Drone x2  
  39  3:25  Drone  
  39  3:26  Queen  
  44  3:28  Drone  
  44  3:34  Queen  
  45  3:39  Drone  
  45  3:40  Spore Crawler  
  47  3:43  Overlord  
  47  3:48  Drone x3  
  50  3:50  Drone  
  51  3:55  Roach Warren  
  51  4:02  Overlord  
  50  4:06  Queen  
  50  4:09  Drone x2  
  54  4:10  Zergling x2  
  54  4:11  Zergling x2  
  54  4:16  Overlord  
  56  4:18  Zergling x4  
  56  4:22  Spore Crawler  
  57  4:27  Zergling x6  
  60  4:31  Zergling x2  
  60  4:32  Zergling x8  
  60  4:38  Overlord  
  65  4:45  Roach x3  
  73  4:48  Extractor  
  73  4:49  Overlord  
  71  4:54  Drone x3  
  71  4:59  Drone x2  
  70  5:01  Extractor  
  70  5:04  Lair  
  70  5:05  Drone x2  
  69  5:07  Drone  
  69  5:11  Overlord  
  69  5:13  Drone  
  69  5:14  Drone  
  71  5:20  Zergling x4  
  71  5:21  Zergling x2  
  74  5:23  Drone x2  
  74  5:24  Drone  
  74  5:25  Drone  
  78  5:34  Evolution Chamber, Extractor  
  78  5:35  Drone x4  
  80  5:37  Drone x2  
  80  5:41  Drone x2  
  84  5:43  Overlord  
  84  5:47  Drone x3  
  87  5:50  Overlord  
  87  5:54  Drone x2  
  87  5:55  Drone, Extractor x2  
  88  5:57  Drone x2  
  88  5:59  Drone  
  88  6:04  Glial Reconstitution, Zerg Missile Weapons Level 1  
  91  6:05  Overseer  
  91  6:08  Drone x2  
  91  6:10  Drone x2  
  95  6:16  Drone x2  
  95  6:18  Roach x3  
  102  6:19  Ravager  
  102  6:22  Ravager x2  
  104  6:27  Roach x4  
  107  6:34  Overlord  
  107  6:35  Infestation Pit  
  107  6:39  Hatchery  
  105  6:41  Zergling x6  
  107  6:52  Zergling x4, Roach x2  
  107  6:53  Zergling x12  
  117  6:56  Drone, Overlord  
  117  6:59  Overseer  
  118  7:02  Overlord  
  118  7:03  Overlord  
  118  7:06  Overlord  
  118  7:16  Roach x2  
  118  7:17  Hive  
  118  7:20  Hydralisk Den  
  118  7:22  Roach x3, Ravager  
  130  7:23  Roach x2  
  132  7:32  Zergling x10, Roach x2  
  137  7:45  Zergling x2, Roach  
  137  7:46  Zergling x4, Roach x3  
  140  7:55  Roach x6  
  140  7:56  Overlord  
  149  7:59  Ravager x2  
  149  8:01  Ravager  
  149  8:02  Overlord  
  151  8:11  Zergling x2, Roach  
  151  8:12  Zergling x2, Roach x3  
  150  8:16  Zergling x2, Roach  
  150  8:17  Roach x2  
  151  8:22  Drone  
  151  8:24  Ravager x2  
  151  8:25  Roach  
  151  8:26  Roach  
  158  8:28  Zerg Missile Weapons Level 2  
  158  8:30  Zergling x6  
  158  8:32  Zergling x6  
  160  8:36  Overlord x2  
  154  8:42  Roach x3  
  160  8:51  Overlord  
  160  8:52  Roach  
  160  8:53  Roach x4  
  151  9:00  Roach x4  
  131  9:05  Roach, Queen x3  
  131  9:07  Ravager x3  
  131  9:09  Roach x2  
  142  9:13  Roach  
  142  9:16  Roach  
  144  9:19  Zergling x4, Roach x3  
  144  9:23  Zergling x2, Roach  
  148  9:30  Roach x4  
  150  9:33  Ravager  
  150  9:35  Ravager  
  150  9:36  Roach x2  
  156  9:39  Roach  
  156  9:43  Roach  
  156  9:44  Roach x2  
  159  9:52  Roach x5  
  160  9:58  Zergling x6  
  157  10:00  Lurker Den, Zergling x4  
  158  10:09  Zergling x2  
  158  10:10  Zergling x4  
  158  10:11  Overseer  
  161  10:18  Zergling x16  
  165  10:24  Zergling x10  
  165  10:30  Roach x2  
  166  10:37  Hydralisk x3  
  166  10:42  Roach x3  
  170  10:47  Hydralisk x2  
  170  10:49  Overlord x2  
  170  10:51  Overlord  
  170  10:53  Ravager  
Tags
 
Add a new tag
Caveats
  • Supply blocks, unpowered buildings, or Contaminate may cause inaccurate times.
  • Supply counts are checked every 10 seconds.